[Event "Early-Titled-Tuesday-Blitz-June-18-2024"]
[Site "Chess.com"]
[Date "2024.06.18"]
[Round "10"]
[White "Aygehovit1992"]
[Black "Puzzlebot_1294"]
[Result "1-0"]
[WhiteElo "2814"]
[BlackElo "2680"]
[TimeControl "180+1"]
[EndTime "9:57:39 PDT"]
[Termination "Aygehovit1992 won by resignation"]

1. e4 e5 2. Nf3 Nc6 3. Bb5 a6 4. Ba4 d6 5. O-O Bd7 6. Bxc6 Bxc6 7. Nc3 g6 8. d4 Bg7 9. Be3 Ne7 10. dxe5 dxe5 11.
Bc5 Qxd1 12. Rfxd1 b6 13. Bxe7 Kxe7 14. Nd5+ Bxd5 15. Rxd5 c6 16. Rd3 Rhd8 17. Kf1 Rxd3 18. cxd3 c5 19. a4 Rd8 20. Ke2 f6 21. Nd2 Rb8 22. Nc4 Kd7 23. g3 f5 24. h4 Bf6 25.
h5 Ke6 26. hxg6 hxg6 27. Rh1 b5 28. axb5 axb5 29. Ne3 Bg7 30. Ra1 Rb6 31. Ra7 Bf8 32. Nd5 Rb8 33. Ra6+ Kf7 34. exf5 gxf5 35. Rf6+ Kg7 36.
Rxf5 Bd6 37. Rf6 Rd8 38. g4 Bf8 39. Rxf8 Kxf8 40. Nc7 c4 41. Ne6+ Ke7 42. Nxd8 Kxd8 43. dxc4 bxc4 44. Ke3 Ke7 45. Ke4 Ke6 46. g5 Kd6 47. g6 Ke6 48. g7 Kf7 49. Kxe5 Kxg7 50. Kd4 Kf6 51. Kxc4 Ke5 52. Kc5 Kf4 53. b4 Kf3 54. b5 1-0

[Event "Early-Titled-Tuesday-Blitz-June-18-2024"]
[Site "Chess.com"]
[Date "2024.06.18"]
[Round "10"]
[White "PapaieDudu"]
[Black "Shuvalov"]
[Result "0-1"]
[WhiteElo "2345"]
[BlackElo "2586"]
[TimeControl "180+1"]
[EndTime "9:57:40 PDT"]
[Termination "Shuvalov won by resignation"]

1. Nf3 Nf6 2. d4 g6 3. c4 Bg7 4. Nc3 d5 5. g3 c6 6. Bg2 dxc4 7.
O-O O-O 8. a4 a5 9. Ne5 Ng4 10.
Nxc4 Qxd4 11. Qb3 Be6 12. Qxb7 Ra7 13. Qb3 Qxc4 14. Qc2 Rd7 15. Bf4 Na6 16. Ra3 Nb4 17. Qc1 Rfd8 18. h3 Nf6 19. b3 Qa6 20. Ra1 Bd5 21. e4 Bxb3 22. Rb1 Bc4 23. Rd1 Nd3 24. Qe3 Nxf4 25. gxf4 Nh5 26. e5 Rxd1+ 27. Nxd1 Bh6 28. Qc5 Bd5 29. Bf1 Qc8 30. Qxe7 Qd7 31. Qc5 Bxf4 32. Qxa5 Bxe5 33. Ne3 Bc7 34. Qb4 Nf4 35.
Rd1 Qd6 36. Qxd6 Rxd6 37. a5 Bxa5 38. Nc4 Bc7 39. Nxd6 Bxd6 40. f3 Bc5+ 41. Kh2 Kg7 42.
Rc1 Bd6 43. Kg1 Kf6 44. Kf2 Ke5 45. Re1+ Kd4 46. Rd1+ Kc3 47. Ra1 Kd2 48. Ra2+ Bxa2 0-1

[Event "Early-Titled-Tuesday-Blitz-June-18-2024"]
[Site "Chess.com"]
[Date "2024.06.18"]
[Round "10"]
[White "KevinGeorgeMicheal"]
[Black "TheAlienParty"]
[Result "1-0"]
[WhiteElo "2485"]
[BlackElo "2341"]
[TimeControl "180+1"]
[EndTime "9:57:41 PDT"]
[Termination "KevinGeorgeMicheal won by checkmate"]

1. e4 e5 2. Nf3 Nc6 3. Nc3 Nf6 4. Bb5 d6 5. d4 exd4 6. Nxd4 Bd7 7. O-O g6 8. Bg5 Bg7 9. Nxc6 bxc6 10. Bd3 O-O 11. Qd2 Rb8 12. b3 Kh8 13. Bh6 Ng4 14. Bxg7+ Kxg7 15.
h3 Ne5 16. Be2 f5 17. f4 Nf7 18. Qd4+ Kg8 19. Bc4 c5 20. Qd3 Qf6 21. e5 dxe5 22.
Qxd7 exf4 23. Nd5 Qd4+ 24. Kh1 Rbd8 25. Ne7+ Kg7 26. Qxd4+ Rxd4 27. Rae1 Ng5 28. Nc6 Re4 29. Bd3 Rxe1 30. Rxe1 f3 31. gxf3 Nxh3 32. Bc4 Kh6 33. Re7 Ng5 34. Kg2 f4 35. Rxc7 Re8 36. Re7 Rc8 37.
Bd5 Kh5 38. c4 h6 39. Rxa7 Ne6 40. Ne7 Rd8 41. Bxe6 Rd2+ 42. Kh3 Rf2 43. Bg4+ Kg5 44.
Rd7 h5 45. Rd5+ Kf6 46. Ng8+ Kg7 47. Be6 Rxf3+ 48. Kg2 Rg3+ 49. Kf2 g5 50. Rd7+ Kg6 51. Rf7 g4 52. Ne7+ Kg5 53. Rf5+ Kh4 54. Ng6+ Kh3 55. Rxh5# 1-0

[Event "Early-Titled-Tuesday-Blitz-June-18-2024"]
[Site "Chess.com"]
[Date "2024.06.18"]
[Round "10"]
[White "koncheto"]
[Black "AlexanderKing"]
[Result "1-0"]
[WhiteElo "2637"]
[BlackElo "2536"]
[TimeControl "180+1"]
[EndTime "9:57:42 PDT"]
[Termination "koncheto won on time"]

1. e4 e5 2. Nf3 Nc6 3. d4 exd4 4. Bc4 Nf6 5. O-O Nxe4 6. Nc3 Nxc3 7. bxc3 d5 8. Bb5 Be7 9. Ne5 Bd7 10. Nxd7 Qxd7 11.
cxd4 O-O 12. Rb1 a6 13. Bd3 b5 14. c3 Bf6 15. a4 b4 16. cxb4 Nxd4 17. Be3 Ne6 18.
Qc2 g6 19. Rfd1 Rfb8 20. Be4 c6 21. Bf3 Rc8 22. Qe2 Qe7 23. b5 axb5 24. axb5 cxb5 25.
Bxd5 Nf4 26. Qxb5 Nxd5 27. Qxd5 Rd8 28. Qf3 Rac8 29. g3 h5 30. h4 Kg7 31. Kg2 Qe6 32.
Kg1 Rxd1+ 33. Qxd1 Rd8 34. Qf3 Rd7 35. Rb6 Rd6 36.
Rb7 Rd7 37. Rb1 Rd6 38. Re1 Qd5 39. Qf4 Rd7 40. Qh6+ Kg8 41. Bd4 1-0

[Event "Early-Titled-Tuesday-Blitz-June-18-2024"]
[Site "Chess.com"]
[Date "2024.06.18"]
[Round "10"]
[White "Sprinc1"]
[Black "CFalcons8"]
[Result "1-0"]
[WhiteElo "2299"]
[BlackElo "2438"]
[TimeControl "180+1"]
[EndTime "9:57:42 PDT"]
[Termination "Sprinc1 won by resignation"]

1. d4 Nf6 2. Nf3 e6 3. g3 b6 4.
Bg2 Bb7 5. O-O Be7 6. c4 O-O 7. Nc3 Ne4 8. Bd2 f5 9. Ne5 Nxc3 10. Bxc3 Bxg2 11. Kxg2 d6 12. Nf3 Bf6 13. Qd3 Nd7 14. e4 g6 15. Rfe1 Bg7 16. exf5 exf5 17. Re6 Re8 18. Rae1 Rxe6 19. Rxe6 Nf8 20. Re2 Qd7 21. d5 Bxc3 22. Qxc3 Re8 23. Rxe8 Qxe8 24.
Nd4 Qe4+ 25. f3 Qe5 26. Qd3 Nd7 27. Qd2 Qf6 28. Nb5 Ne5 29. b3 g5 30. Nxc7 g4 31. f4 Nf3 32. Qe2 Qf7 33. Qe8+ Kg7 34. Qxf7+ Kxf7 35. Nb5 Ke7 36. Nxa7 Kd7 37. Nb5 h6 38. h3 Ne1+ 39. Kf1 Nd3 40. h4 Nc1 41. Nd4 Nxa2 42.
h5 Nc1 43. Nxf5 Nxb3 44. Nxh6 Nd2+ 45. Ke2 Nxc4 46. Nxg4 Ke7 47. Ne3 Na5 48. Nf5+ Kf6 49. Nxd6 1-0

[Event "Early-Titled-Tuesday-Blitz-June-18-2024"]
[Site "Chess.com"]
[Date "2024.06.18"]
[Round "10"]
[White "dealshark"]
[Black "cycygogne"]
[Result "0-1"]
[WhiteElo "2435"]
[BlackElo "2240"]
[TimeControl "180+1"]
[EndTime "9:57:45 PDT"]
[Termination "cycygogne won by checkmate"]

1. e4 d5 2. exd5 Qxd5 3. Nc3 Qd6 4. d4 Nf6 5. Nf3 Bg4 6. h3 Bh5 7. g4 Bg6 8. Ne5 c5 9. Bb5+ Nc6 10. Nxg6 hxg6 11.
d5 O-O-O 12. dxc6 Qc7 13. cxb7+ Qxb7 14. Qe2 Qxh1+ 15. Qf1 Qxf1+ 16. Kxf1 e5 17. Ba6+ Kb8 18. Bg5 Rxh3 19. Kg2 Rh8 20. Re1 Bd6 21. Nb5 Rhe8 22. Re3 Ka8 23. Rb3 Re6 24. c4 Bb8 25. Nd6 Bxd6 26.
Bb7+ Kb8 27. Bd5+ Kc7 28. Bxe6 fxe6 29. Ra3 Ra8 30. Kf3 a5 31. Ke3 Kc6 32. Rb3 Ra7 33. Rd3 Rb7 34. b3 a4 35. bxa4 Ra7 36. Ra3 Bc7 37. f3 Ba5 38. Bh4 Bb4 39. Rd3 Rxa4 40. Rd8 Rxa2 41. Rc8+ Kb7 42. Rd8 Ra3+ 43. Kf2 Rc3 44. g5 Nh5 45. Re8 Rxc4 46. Rxe6 Rxh4 47. Rxg6 Rd4 48. Kg2 c4 49. Kh3 c3 50. Re6 c2 51.
f4 c1=Q 52. f5 Qh1# 0-1

[Event "Early-Titled-Tuesday-Blitz-June-18-2024"]
[Site "Chess.com"]
[Date "2024.06.18"]
[Round "10"]
[White "Stanbad1"]
[Black "AlexeiShirov"]
[Result "1/2-1/2"]
[WhiteElo "2722"]
[BlackElo "2862"]
[TimeControl "180+1"]
[EndTime "9:57:46 PDT"]
[Termination "Game drawn - insufficient material"]

1. d4 d5 2. Nc3 Nf6 3. Bf4 Bf5 4. e3 e6 5. Nf3 a6 6. Ne5 Nbd7 7. g4 Nxe5 8. gxf5 Nc6 9. fxe6 fxe6 10. Bh3 Qe7 11. Qf3 O-O-O 12. O-O-O Kb8 13. e4 dxe4 14. Nxe4 Rxd4 15.
Rxd4 Nxd4 16. Qd3 Nc6 17. Re1 Nd5 18. Bg5 Qf7 19. a3 h6 20. Bd2 g5 21. Bxe6 Qxe6 22. Nc3 Nf4 23. Rxe6 Nxd3+ 24. cxd3 Bd6 25. h3 Nd4 26. Rf6 Be5 27. Rf7 Nb3+ 28. Kc2 Nxd2 29. Kxd2 h5 30. Ne4 Bxb2 31. a4 g4 32. hxg4 hxg4 33.
Rf5 Rg8 34. Ke3 Bc1+ 35. Ke2 Rg7 36. d4 Ka7 37. d5 Ba3 38. Kd3 Kb6 39. Kc4 Bb2 40.
d6 cxd6 41. Nxd6 Rc7+ 42. Kb3 Bd4 43. Nc4+ Ka7 44. Rf4 Rd7 45. Rxg4 Bxf2 46. Ne5 Rd5 47. Re4 Bd4 48. Nc4 Bc5 49. Kc3 Rh5 50. Ne5 Bd6 51.
Nd3 b5 52. axb5 axb5 53. Re6 Bc7 54. Kb4 Bb6 55. Ne5 Kb7 56. Nd3 Kc7 57. Re5 Rxe5 58.
Nxe5 Kd6 59. Kxb5 1/2-1/2

[Event "Early-Titled-Tuesday-Blitz-June-18-2024"]
[Site "Chess.com"]
[Date "2024.06.18"]
[Round "10"]
[White "talaicito"]
[Black "pavelalexandru07"]
[Result "1-0"]
[WhiteElo "2294"]
[BlackElo "2448"]
[TimeControl "180+1"]
[EndTime "9:57:46 PDT"]
[Termination "talaicito won by checkmate"]

1. d4 d5 2. Bf4 Nf6 3. Nc3 a6 4. e3 e6 5. Nf3 c5 6. dxc5 Bxc5 7.
Bd3 Nc6 8. O-O O-O 9. e4 dxe4 10. Nxe4 Nxe4 11. Bxe4 Qe7 12. Bxh7+ Kxh7 13. Ng5+ Kg6 14. Qd3+ f5 15. Rae1 e5 16. Qh3 Qe8 17. Nf3 e4 18.
Qg3+ Kh7 19. Ng5+ Kg8 20. Kh1 Nd4 21. Qc3 Qc6 22. Qh3 Qg6 23. Qc3 b6 24. b4 Ne6 25.
Nxe6 Bxe6 26. bxc5 Rac8 27. c6 b5 28. c7 Bc4 29. Rg1 Rf7 30. a4 Qe6 31. axb5 axb5 32. Rd1 Rd7 33. h3 Kf7 34. Be5 g5 35. Bh8 Kg6 36.
Rxd7 Qxd7 37. Qf6+ Kh7 38. Qxg5 Kxh8 39. Qf6+ Kh7 40.
Qh4+ Kg7 41. Qg5+ Kf7 42. Qh5+ Ke6 43. Rd1 Qxc7 44. Qg6+ Ke5 45. g4 Qc6 46. Qxf5# 1-0

[Event "Early-Titled-Tuesday-Blitz-June-18-2024"]
[Site "Chess.com"]
[Date "2024.06.18"]
[Round "10"]
[White "HATilay"]
[Black "Zhani-Z"]
[Result "1-0"]
[WhiteElo "2661"]
[BlackElo "2470"]
[TimeControl "180+1"]
[EndTime "9:57:48 PDT"]
[Termination "HATilay won by checkmate"]

1. e4 c5 2. Nf3 d6 3. d4 cxd4 4. Nxd4 Nf6 5. Nc3 Nc6 6. Bg5 e6 7. Qd2 a6 8. f3 Nxd4 9. Qxd4 Bd7 10. h4 Be7 11. g4 h5 12. gxh5 Nxh5 13. Bxe7 Qxe7 14.
O-O-O Bc6 15. Qxd6 Qxd6 16. Rxd6 Ke7 17. Rd1 Rh6 18. Bh3 Rah8 19. Rhe1 Nf4 20. Bg4 Kf6 21. h5 Nxh5 22. Ne2 g6 23. Nd4 Be8 24. Bxh5 Rxh5 25.
f4 Rh2 26. Re3 Rf2 27. e5+ Ke7 28. Rc3 Rxf4 29. Rc7+ Kf8 30. Rc8 Kg7 31. Rc7 Kf8 32.
Rc8 Rf2 33. Nb3 Rhh2 34. Kb1 Ke7 35. Rdd8 Bc6 36. a3 Rxc2 37. Nd4 Rxb2+ 38. Kc1 Rb6 39. Rh8 Bd5 40. Rc7# 1-0

[Event "Early-Titled-Tuesday-Blitz-June-18-2024"]
[Site "Chess.com"]
[Date "2024.06.18"]
[Round "10"]
[White "Nadtkins"]
[Black "IlanSchnaider"]
[Result "1-0"]
[WhiteElo "2551"]
[BlackElo "2787"]
[TimeControl "180+1"]
[EndTime "9:57:48 PDT"]
[Termination "Nadtkins won by resignation"]

1. Nf3 Nf6 2. g3 g6 3. Bg2 Bg7 4. O-O O-O 5. d4 d5 6. Nbd2 Nc6 7. c3 a5 8. Re1 a4 9. e4 dxe4 10.
Nxe4 Nxe4 11. Rxe4 Bf5 12. Re1 Rb8 13. Bf4 Qd7 14.
Qxa4 e6 15. Qb3 Rfd8 16. Ne5 Nxe5 17. Bxe5 b6 18. Bxg7 Kxg7 19. a4 h5 20. Qc4 h4 21.
Qc6 Qe7 22. d5 hxg3 23. hxg3 e5 24. f4 e4 25. b4 Rh8 26. Qc4 Rbe8 27. Qd4+ f6 28.
Re3 Qd7 29. Ra2 Re7 30. c4 c6 31. d6 Re6 32. c5 bxc5 33. bxc5 Rb8 34. Re1 e3 35. a5 e2 36. Raxe2 Rxe2 37. Rxe2 Rb1+ 38. Kf2 Qd8 39. Re7+ Kg8 40. Qxf6 Qf8 41. Qxf8+ Kxf8 42. Rc7 Rb2+ 43. Kg1 Ra2 44. Bxc6 Rxa5 45. Bg2 Ke8 46.
c6 Rd5 47. d7+ Ke7 48. Bxd5 1-0

[Event "Early-Titled-Tuesday-Blitz-June-18-2024"]
[Site "Chess.com"]
[Date "2024.06.18"]
[Round "10"]
[White "Resourchess"]
[Black "rollercoaster29"]
[Result "1-0"]
[WhiteElo "2397"]
[BlackElo "2499"]
[TimeControl "180+1"]
[EndTime "9:57:48 PDT"]
[Termination "Resourchess won on time"]

1. d4 d5 2. c4 dxc4 3. e3 e5 4. Nf3 exd4 5. Bxc4 Bb4+ 6. Bd2 Bxd2+ 7. Qxd2 Nf6 8. Qxd4 O-O 9. O-O Nbd7 10. Bb3 c5 11. Qh4 Qe7 12. Nc3 b6 13. Nd5 Nxd5 14. Bxd5 Qxh4 15.
Nxh4 Rb8 16. Rad1 Nf6 17. Bf3 Be6 18. g3 Bxa2 19. Ra1 Bc4 20. Rfc1 Bd3 21. Rxa7 c4 22. Ng2 g5 23. Ne1 Rbd8 24. Rc7 Rd6 25. Nc2 g4 26. Bc6 Ne8 27. Bxe8 Rxe8 28. Nd4 Red8 29. h3 h5 30. hxg4 hxg4 31. Kg2 Be4+ 32. Kf1 Rh6 33.
Ke1 Rh2 34. Re7 Bf3 35. Re5 f6 36. Re6 Kf7 37. Rxb6 Rdh8 38. Rxc4 Rh1+ 39. Kd2 Rd1+ 40. Kc3 Rh2 41. Nxf3 gxf3 42. Rc7+ 1-0

[Event "Early-Titled-Tuesday-Blitz-June-18-2024"]
[Site "Chess.com"]
[Date "2024.06.18"]
[Round "10"]
[White "unkiyto"]
[Black "rionelG"]
[Result "1-0"]
[WhiteElo "2664"]
[BlackElo "2356"]
[TimeControl "180+1"]
[EndTime "9:57:52 PDT"]
[Termination "unkiyto won on time"]

1. e4 c5 2. Nf3 d6 3. d4 cxd4 4.
Nxd4 Nf6 5. Nc3 a6 6. Be3 e5 7. Nb3 Be7 8. f3 Be6 9. Qd2 O-O 10. O-O-O Qc7 11. g4 b5 12. h4 b4 13. Na4 Nc6 14. g5 Nd7 15. g6 fxg6 16. h5 gxh5 17. Rxh5 Nf6 18. Rh1 Rab8 19. Be2 Na5 20. Kb1 Rfc8 21. Rdg1 Bf8 22. Bg5 Ne8 23. Bd3 Nc4 24. Qh2 g6 25.
Bc1 Qd7 26. f4 exf4 27. Nd4 Rc7 28. b3 Na3+ 29. Bxa3 bxa3 30. Kc1 Rbc8 31. Nxe6 Qxe6 32.
Bc4 d5 33. Bxd5 Rxc2+ 34. Qxc2 Rxc2+ 35. Kxc2 Ng7 36. Bxe6+ Nxe6 37. Kd3 g5 38. e5 Kg7 39. Ke4 Kg6 40. Rg2 h5 41. Nc3 Nc5+ 42. Kf3 g4+ 43. Kxf4 Bh6+ 44. Kg3 Bg7 45. Re2 Nd3 46. Rhe1 Nxe1 47.
Rxe1 Kf5 48. e6 1-0

[Event "Early-Titled-Tuesday-Blitz-June-18-2024"]
[Site "Chess.com"]
[Date "2024.06.18"]
[Round "10"]
[White "abelmat"]
[Black "SpongeBob_03"]
[Result "0-1"]
[WhiteElo "2044"]
[BlackElo "2221"]
[TimeControl "180+1"]
[EndTime "9:57:52 PDT"]
[Termination "SpongeBob_03 won on time"]

1. d4 Nf6 2. c4 e6 3. Nf3 Bb4+ 4. Bd2 Qe7 5. Nc3 O-O 6. Qc2 d6 7. a3 Bxc3 8. Bxc3 Nc6 9. e4 e5 10. d5 Nb8 11. h3 Nh5 12. O-O-O f5 13. Bd3 Nf4 14.
g3 Nxd3+ 15. Qxd3 fxe4 16. Qxe4 Bf5 17. Qe3 h6 18. Nh4 Bh7 19. f4 g5 20. fxg5 Qxg5 21. Rhe1 Qxe3+ 22. Rxe3 Nd7 23. g4 Nc5 24. b4 Na4 25.
Bd2 Nb6 26. Rb3 Rf2 27. Rc3 Na4 28. Rf3 Re2 29. Nf5 Bxf5 30. gxf5 Kh7 31. f6 Rg2 32. f7 Rf8 33. Rf6 Rg6 34. Rxg6 Kxg6 35. Rg1+ Kxf7 36. Rf1+ Ke8 37. Rxf8+ Kxf8 38. Bxh6+ Kf7 39.
Kc2 Kg6 40. Be3 Nb6 41. Kd3 Kf5 42. h4 Kg4 43. Bg5 Nd7 0-1

[Event "Early-Titled-Tuesday-Blitz-June-18-2024"]
[Site "Chess.com"]
[Date "2024.06.18"]
[Round "10"]
[White "artin10862"]
[Black "DenLaz"]
[Result "0-1"]
[WhiteElo "2943"]
[BlackElo "3089"]
[TimeControl "180+1"]
[EndTime "9:57:53 PDT"]
[Termination "DenLaz won on time"]

1. d4 f5 2. Nc3 Nf6 3. Bg5 d5 4. Bxf6 exf6 5. e3 Be6 6. h4 Nc6 7.
h5 Qd7 8. Qf3 O-O-O 9. O-O-O Ne7 10. Bd3 Kb8 11. Nge2 c6 12. Ng3 Rg8 13. Nce2 g5 14.
hxg6 hxg6 15. Rh7 Rg7 16. Rdh1 Bg8 17. R7h6 Rf7 18. Rh8 Bg7 19. R8h3 Ka8 20. Kb1 Rff8 21. R3h2 Nc8 22. Nf4 Qe8 23. Nxg6 Qxg6 24. Nxf5 Be6 25. Rh7 Rh8 26. Ng3 Qf7 27. b3 Rxh7 28. Rxh7 Rh8 29.
Rxh8 Bxh8 30. Bf5 Nd6 31. Bxe6 Qxe6 32. Qh5 Qe8 33. Qh7 a6 34. Kb2 Qf8 35. Nh5 f5 36. Kc1 Qe8 37. Kd2 Ne4+ 38. Ke2 Bxd4 39. Qxf5 Bc3 40. g4 Qd8 41. f3 Nd6 42. Qg6 Bb4 43. g5 Qa5 44. a4 Qc5 0-1

[Event "Early-Titled-Tuesday-Blitz-June-18-2024"]
[Site "Chess.com"]
[Date "2024.06.18"]
[Round "10"]
[White "HajiyevKanan"]
[Black "SaraBlackPanther"]
[Result "0-1"]
[WhiteElo "2539"]
[BlackElo "2718"]
[TimeControl "180+1"]
[EndTime "9:57:53 PDT"]
[Termination "SaraBlackPanther won on time"]

1. d4 Nf6 2. Nf3 g6 3. g3 Bg7 4. Bg2 O-O 5. O-O d6 6. b3 a5 7. a3 Nbd7 8. Bb2 c6 9. c4 Re8 10. Nbd2 e5 11. dxe5 dxe5 12. e3 Qc7 13. Qc2 Nc5 14. Ng5 Bf5 15. Nge4 Rad8 16. Nxf6+ Bxf6 17. Ne4 Bg7 18. g4 Bxe4 19. Bxe4 Qd7 20. Bf3 e4 21.
Be2 Qd2 22. Qxd2 Rxd2 23. Bxg7 Kxg7 24. b4 Nb3 25. Rab1 Rxe2 26. Rxb3 a4 27. Rc3 Rd8 28.
g5 Rdd2 29. c5 h6 30. h4 hxg5 31. hxg5 Rd5 32. Rc4 Rxg5+ 33. Kh2 f5 34. Rd4 Kf6 35. Rd7 f4 36. exf4 Rg4 37. Kh3 Rxf4 38. Rxb7 e3 39. Kg3 Rexf2 40. Re1 Re4 41. b5 cxb5 42. c6 Rc2 43. c7 e2 44. Kf3 Re7 45. Rb6+ Kf7 46. Rxb5 Rexc7 47. Rb4 R7c3+ 48. Kf2 Rxa3 49. Rb7+ Ke6 50.
Rb6+ Kf5 51. Rb5+ Ke4 52. Rg5 Rf3+ 53. Kg2 Rf6 0-1

[Event "Early-Titled-Tuesday-Blitz-June-18-2024"]
[Site "Chess.com"]
[Date "2024.06.18"]
[Round "10"]
[White "rockstar0902"]
[Black "CristianS27"]
[Result "1-0"]
[WhiteElo "2617"]
[BlackElo "2491"]
[TimeControl "180+1"]
[EndTime "9:57:53 PDT"]
[Termination "rockstar0902 won by checkmate"]

1. c4 Nf6 2. Nc3 g6 3. e4 d6 4.
g3 Bg7 5. Bg2 O-O 6. Nge2 c5 7.
O-O Nc6 8. d3 a6 9. h3 Rb8 10.
a4 Ne8 11. Be3 b5 12. axb5 axb5 13. cxb5 Nd4 14. Qa4 Nxe2+ 15. Nxe2 Bxb2 16. Rab1 Bg7 17. d4 Bd7 18. dxc5 dxc5 19. Bxc5 Nd6 20. Bxd6 exd6 21. Nf4 Be6 22. Rfd1 Qb6 23. Qa6 Ba2 24. Qxa2 Be5 25.
Nd5 Qc5 26. Rdc1 Qd4 27. Rc4 Qd3 28. Bf1 Qf3 29. Be2 Ra8 30. Qxa8 Qxe2 31. Rc8 Rxc8 32. Qxc8+ Kg7 33. Qg4 Qc2 34. Qd1 Qxe4 35. b6 Bd4 36. b7 Qe5 37. Qxd4 Qxd4 38. b8=Q Qxd5 39. Qb2+ Kh6 40. Re1 Qf3 41. Qd2+ Kg7 42. Qd4+ Kh6 43. Qxd6 Qc3 44. Qf4+ g5 45. Qd6+ Kh5 46. g4+ Kh4 47.
Qh6# 1-0

[Event "Early-Titled-Tuesday-Blitz-June-18-2024"]
[Site "Chess.com"]
[Date "2024.06.18"]
[Round "10"]
[White "SirStrateg"]
[Black "Iball95"]
[Result "0-1"]
[WhiteElo "2704"]
[BlackElo "2833"]
[TimeControl "180+1"]
[EndTime "9:57:54 PDT"]
[Termination "Iball95 won by resignation"]

1. d4 d5 2. Bf4 Nf6 3. e3 Bf5 4. c4 e6 5. Qb3 Nc6 6. Nc3 Bb4 7. a3 Bxc3+ 8. Qxc3 O-O 9. Nf3 Ne4 10. Qb3 Na5 11. Qa4 c5 12. cxd5 exd5 13. b4 cxb4 14. axb4 Nc6 15. b5 Ne7 16. Qb3 Ng6 17. Bg3 a5 18.
bxa6 bxa6 19. Be2 Nxg3 20. hxg3 Qb8 21. Qa3 a5 22. O-O h6 23. Rfc1 Rc8 24. Rxc8+ Qxc8 25. Rc1 Qb7 26. Rc5 a4 27. Bb5 Bd7 28. Bd3 Ne7 29.
Ne5 Be8 30. Bc2 Nc8 31. Rc3 Nb6 32. Qa2 Bb5 33. Rc5 Bc4 34. Qa3 f6 35. Nxc4 Nxc4 36. Qa2 a3 37. Bb3 Kh8 38. Bxc4 dxc4 39. Rxc4 Qb2 40.
Rc2 Qxc2 41. Qxc2 a2 42. g4 a1=Q+ 43. Kh2 Qa2 44. Qf5 Qa5 45. d5 Rd8 46. e4 Qc7+ 47.
g3 Qe5 48. Qxe5 fxe5 49. f4 Re8 50. f5 Rc8 51. Kh3 Rc4 52. g5 Rxe4 53. gxh6 gxh6 54. g4 0-1

[Event "Early-Titled-Tuesday-Blitz-June-18-2024"]
[Site "Chess.com"]
[Date "2024.06.18"]
[Round "10"]
[White "santosalberto1987"]
[Black "ilqar_74"]
[Result "0-1"]
[WhiteElo "2590"]
[BlackElo "2827"]
[TimeControl "180+1"]
[EndTime "9:57:54 PDT"]
[Termination "ilqar_74 won on time"]

1. e4 c5 2. Nf3 d6 3. Bb5+ Nd7 4. d4 cxd4 5. Qxd4 a6 6. Bxd7+ Bxd7 7. O-O h6 8. c4 e5 9. Qd3 Nf6 10. Nc3 Be7 11.
b3 Rc8 12. a4 O-O 13. a5 Be6 14. Rd1 Qc7 15. Be3 Qc6 16. Bb6 Bg4 17. h3 Bh5 18.
Nd5 Nxd5 19. Qxd5 Qxd5 20. Rxd5 f5 21. Nd2 Bf7 22. Rd3 f4 23. Nb1 g5 24. Nc3 h5 25.
f3 Rc6 26. Nd5 Bxd5 27. exd5 Rcc8 28. Rc1 Rfe8 29. b4 Bf8 30. c5 e4 31. fxe4 Rxe4 32.
c6 Rxb4 33. cxb7 Rxc1+ 34. Kf2 Rb2+ 35. Kf3 Rf1+ 36. Ke4 Re1+ 37. Kf5 Re8 38. Rc3 Rb8 39. Rc7 Rxb6 40. axb6 a5 41. Ke6 a4 42. Kd7 a3 43.
Rc3 Rxb7+ 44. Kc6 Rb8 45. Rxa3 Rc8+ 46. Kd7 Rb8 47. Kc7 Re8 48. b7 Re7+ 49. Kc6 Rxb7 50. Kxb7 Kf7 51. Kc6 Kf6 52. Ra1 g4 53. hxg4 hxg4 0-1

[Event "Early-Titled-Tuesday-Blitz-June-18-2024"]
[Site "Chess.com"]
[Date "2024.06.18"]
[Round "10"]
[White "evgchess5"]
[Black "Polish_fighter3000"]
[Result "0-1"]
[WhiteElo "2928"]
[BlackElo "3077"]
[TimeControl "180+1"]
[EndTime "9:57:55 PDT"]
[Termination "Polish_fighter3000 won on time"]

1. e4 c5 2. Nf3 d6 3. Bb5+ Nd7 4. d4 cxd4 5. Qxd4 a6 6. Be2 Ngf6 7. O-O e5 8. Qe3 d5 9. exd5 Nxd5 10. Qe4 N5f6 11. Qh4 Be7 12. Rd1 Qc7 13. Nc3 b5 14. Bg5 Bb7 15. Rd2 b4 16. Nd1 h6 17. Ne3 O-O-O 18.
Bxf6 Nxf6 19. Nf5 Bc5 20. Rxd8+ Rxd8 21. Nxg7 Nd5 22. g3 Rg8 23. Qxh6 e4 24. Nh4 e3 25. f3 Bf8 26. Nhf5 Qxc2 27. Re1 Qxb2 28. Qh3 Kb8 29.
Nh5 Nc3 30. Kf1 Bxf3 31. Nd4 Nxe2 32. Nxe2 Rh8 33. Qd7 Bxh5 34. Qd8+ Kb7 35. Qd7+ Kb6 36. Qd8+ Kb5 37. Qd7+ Ka5 38. Qd8+ Ka4 39. Qd7+ Ka5 40.
Qd8+ Kb5 41. Qd7+ Kb6 42. Qd8+ Kc6 43. Qc8+ Kd5 44. Qd7+ Ke5 45. Qc7+ Kf6 0-1

[Event "Early-Titled-Tuesday-Blitz-June-18-2024"]
[Site "Chess.com"]
[Date "2024.06.18"]
[Round "10"]
[White "elamier"]
[Black "NigiriSushies"]
[Result "1-0"]
[WhiteElo "2449"]
[BlackElo "2301"]
[TimeControl "180+1"]
[EndTime "9:57:57 PDT"]
[Termination "elamier won on time"]

1. d4 d5 2. c4 c6 3. Nc3 Nf6 4. e3 e6 5. Nf3 Nbd7 6. Qc2 Bd6 7. Bd3 dxc4 8. Bxc4 b5 9. Bd3 a6 10. O-O Bb7 11.
a4 O-O 12. e4 e5 13. dxe5 Nxe5 14. Nxe5 Bxe5 15. h3 h6 16. Be3 Qe7 17. f4 Bxc3 18.
bxc3 Rfe8 19. e5 Nd5 20. Bd2 Red8 21. Rae1 c5 22. axb5 c4 23. Bh7+ Kh8 24. bxa6 Rxa6 25. Be4 Rda8 26. Qd1 Ra2 27. f5 Qxe5 28. Bb1 Rxd2 29.
Qxd2 Qxc3 30. Qf2 Qf6 31. Be4 c3 32. Qf3 Rd8 33. Kh1 Rc8 34. Bxd5 Bxd5 35. Qxd5 c2 36. Rc1 Kh7 37. Qd3 Qb2 38. f6+ g6 39. Qd7 Rf8 40. Qe7 Rg8 41. Qxf7+ Kh8 42. Qe6 g5 43. f7 Rf8 44.
Qe8 Kg7 45. Qe4 h5 46. Rxc2 Qb6 47. Qe5+ Kh6 48. Rcf2 Rxf7 49. Rxf7 g4 50. R1f6+ 1-0

[Event "Early-Titled-Tuesday-Blitz-June-18-2024"]
[Site "Chess.com"]
[Date "2024.06.18"]
[Round "10"]
[White "bazar-wokzal"]
[Black "gabduschew"]
[Result "0-1"]
[WhiteElo "2583"]
[BlackElo "2351"]
[TimeControl "180+1"]
[EndTime "9:57:58 PDT"]
[Termination "gabduschew won on time"]

1. e4 e5 2. Bc4 c6 3. Qh5 Qe7 4.
Nf3 d6 5. Nc3 Nf6 6. Qh4 h6 7.
d3 Be6 8. h3 Nbd7 9. g4 O-O-O 10. g5 Ne8 11. gxh6 gxh6 12. Bg5 f6 13. Be3 Kb8 14. O-O-O Nc7 15. Rhg1 d5 16. Bb3 d4 17. Bxd4 exd4 18. Nxd4 Bxb3 19. axb3 Qc5 20. Nf5 Qa5 21. Kb1 Bb4 22. Ne2 Ne6 23. c3 Bf8 24. b4 Qa6 25. Rg3 c5 26. bxc5 Bxc5 27. Rg2 Qa4 28.
Rd2 Ng5 29. d4 Bb6 30. Qf4+ Bc7 31. Qe3 Rhe8 32. f3 Nb6 33. Qd3 Nc4 34. Rc2 Ne5 35.
Qe3 Nexf3 36. h4 Rxe4 37. Qc1 Rde8 38. hxg5 hxg5 39. Neg3 Bxg3 40. Nxg3 Re1 41. Rge2 Rxc1+ 42. Rxc1 Rxe2 43. Nxe2 Qc4 44. Rc2 Qd3 45. Kc1 g4 0-1

[Event "Early-Titled-Tuesday-Blitz-June-18-2024"]
[Site "Chess.com"]
[Date "2024.06.18"]
[Round "10"]
[White "ploxoi"]
[Black "xasid81"]
[Result "1-0"]
[WhiteElo "2511"]
[BlackElo "2607"]
[TimeControl "180+1"]
[EndTime "9:57:59 PDT"]
[Termination "ploxoi won by resignation"]

1. c4 a6 2. Nc3 e6 3. Nf3 d5 4. d4 Nf6 5. Bg5 dxc4 6. e4 b5 7. e5 h6 8. Bh4 g5 9. Nxg5 hxg5 10. Bxg5 Be7 11. exf6 Bxf6 12. Qf3 Bxg5 13. Qxa8 Nd7 14.
Be2 Nb6 15. Qc6+ Bd7 16. Qf3 Qf6 17. Ne4 Qxf3 18. Bxf3 Be7 19. O-O-O Nd5 20. a3 Nf4 21. Kc2 Nd3 22. Be2 Nf4 23. Bf3 Nd3 24. Rdf1 f5 25.
Nc3 Bf6 26. Ne2 c5 27. dxc5 Nxc5 28. Nc1 e5 29. Bd5 e4 30. f3 Ke7 31. fxe4 fxe4 32.
Rf4 Be5 33. Rff1 Kd6 34. Rd1 Ke7 35. b4 Nd3 36. Rdf1 Nf4 37. Bxe4 Ne6 38. Ne2 a5 39. h4 axb4 40. axb4 Ng7 41. Nf4 Bxf4 42. Rxf4 Ne6 43. Rf2 Rh6 44. g4 Rh8 45. h5 Bc8 46. Kc3 Nc7 47.
Re1 Kd6 48. Rf6+ Ke5 49. g5 Rxh5 50. Bg6+ Kd5 51. Bxh5 1-0